 Dungeon Crawl Stone Soup version 0.19-a0-922-gae50766 (webtiles) character file.

25 Etesian the Ruffian (level 2, -5/23 HPs)
             Began as a Draconian Transmuter on July 6, 2016.
             Slain by Natasha (8 damage)
             ... on level 2 of the Dungeon.
             The game lasted 00:02:11 (1469 turns).

Etesian the Ruffian (Draconian Transmuter)          Turns: 1469, Time: 00:02:12

Health: -5/23      AC:  4    Str: 12    XL:     2   Next: 82%
Magic:  4/5        EV: 12    Int: 13    God:
Gold:   46         SH:  0    Dex: 15    Spells: 1 memorised, 4 levels left

rFire  . . .     SeeInvis .       - Unarmed
rCold  . . .     Gourm    .     (armour unavailable)
rNeg   . . .     Faith    .     (no shield)
rPois  .         Spirit   .     (helmet restricted)
rElec  .         Dismiss  .     (no cloak)
rCorr  .         Reflect  .     (no gloves)
SustAt .         Harm     .     (boots currently unavailable)
MR     .....                    (no amulet)
Stlth  +.........               (no ring)
                                f - +4 ring of dexterity

@: appendage (expiring), slowed, very slow, not resistant to hostile
enchantments, very unstealthy
A: unfitting armour, talons 3, cold-blooded, AC +4
a: End Transformation


You were on level 2 of the Dungeon.
You were not hungry.
You had grown temporary talons.
You visited 1 branch of the dungeon, and saw 2 of its levels.

You collected 46 gold pieces.

Inventory:

Missiles
 i - 6 javelins (quivered)
Jewellery
 f - a +4 ring of dexterity (left hand)
Scrolls
 d - a scroll of identify
 e - a scroll of teleportation
Books
 b - a book of Changes

   Spells                             Type                      Level
   a - Beastly Appendage              Transmutation                1
   b - Sticks to Snakes               Transmutation                2
   c - Spider Form                    Transmutation/Poison         3
   d - Ice Form                       Ice/Transmutation            4
   e - Blade Hands                    Transmutation                5
Comestibles
 a - 3 chunks of flesh
 c - a bread ration
 g - a beef jerky


   Skills:
 + Level 1.4 Fighting
 + Level 1.9 Dodging
 * Level 3.5 Unarmed Combat
 - Level 2.0 Spellcasting
 * Level 2.4 Transmutations


You had 4 spell levels left.
You knew the following spells:

 Your Spells              Type           Power        Failure   Level  Hunger
a - Beastly Appendage     Tmut           #.....       12%         1    ##.....


Dungeon Overview and Level Annotations

Branches:
Dungeon (2/15)

Altars:
Ru
The Shining One

Annotations:
D:2 Natasha


Innate Abilities, Weirdness & Mutations

Your plain brown scales are hard. (AC +4)
Your body does not fit into most forms of armour.
You are cold-blooded and may be slowed by cold attacks.
You have claws for feet.


Message History

Confirm with . or Enter, or press ? or * to list all spells.
Your feet morph into talons.
You now have 4/5 mp.
Your transformation is almost over.
Natasha claws you! Natasha barely misses you.
You take 8 damage, and have 10/23 hp.
MASSIVE DAMAGE!!
You hit Natasha.
Natasha is moderately wounded.
Natasha barely misses you.
You hit Natasha. You claw Natasha.
Natasha is severely wounded.
Natasha claws you!
* * * LOW HITPOINT WARNING * * *
Natasha mewls in sadness.
Natasha closely misses you.
You take 7 damage, and have 3/23 hp.
MASSIVE DAMAGE!!
You hit Natasha. Your kick misses Natasha.
Natasha is severely wounded.
Natasha claws you!
You die...

#..##.# ##.#.....##.##
#..##.# #.#.....##..# # #.#
#.......##..# . ##......##..#
# . #.###+###..# # ..###.#
#.# #..####.### # ......# #.#
#.......... # ......###.#
#..####.### #
#.#..h....##@###..# # .. ...
..##...h......# # #.##.#
#.##..##.####.# # #.##.#
#.##..##.# #.# # #.##.#
#.##..##.# #.# # #.##.#
#.##..##.# #.# # #.##.#
#.##...#.####.#
##.##รท###.##..........######
###
(............#...####......#
#..


You could see Natasha.

Vanquished Creatures
  A giant gecko (D:2)
  A goblin (D:1)
  8 hobgoblins
  3 kobolds
  2 ball pythons (D:1)
  2 bats (D:1)
  2 giant newts (D:2)
  2 rats (D:2)
  A fungus (D:2)
22 creatures vanquished.

Notes
Turn   | Place    | Note
-------+----------+-------------------------------------------
     0 | D:1      | Etesian the Draconian Transmuter began the quest for the Orb.
     0 | D:1      | Reached XP level 1. HP: 16/16 MP: 3/3
   491 | D:1      | Reached XP level 2. HP: 22/23 MP: 5/5
   986 | D:2      | Found a sacrificial altar of Ru.
  1033 | D:2      | Found a glowing golden altar of the Shining One.
  1461 | D:2      | Noticed Natasha
  1469 | D:2      | Slain by Natasha

Vault maps used:
D:1:      lightli_arrival_statuegarden
D:2:      lemuel_crystal_altar, nicolae_ru_the_path_less_chosen, uniq_natasha

Action                   || total
-------------------------++-------
Melee: Unarmed           ||    94
       Tailslap          ||    13
       Kick              ||     6
 Cast: Beastly Appendage ||     2
  Use: Scroll            ||     5
 Stab: Sleeping          ||     2
  Eat: Chunk             ||     2
Armor: Skin              ||    13
Dodge: Dodged            ||    65
